 Dungeon Crawl Stone Soup version 0.30.0-10-gfe55d96785 (webtiles) character file.

Game seed: 3682660830848501865

28739 bjtr the Earth Mage (level 13, -2/68 HPs)
             Began as a Gargoyle Earth Elementalist on May 10, 2023.
             Was an Elder of Vehumet.
             Engulfed by a cloud of freezing vapour (28 damage)
             ... on level 14 of the Dungeon on May 14, 2023.
             The game lasted 01:46:45 (16991 turns).

bjtr the Earth Mage (Gargoyle Earth Elementalist)  Turns: 16991, Time: 01:46:45

Health: -2/68      AC: 29    Str: 12    XL:     13   Next: 40%
Magic:  3/29       EV: 17    Int: 21    God:    Vehumet [****..]
Gold:   143        SH:  0    Dex: 10    Spells: 5/36 levels left

rFire   . . .        b - staff of earth
rCold   . . .        T - orb {guile}
rNeg    + + .        d - +0 troll leather armour
rPois   ∞            t - +2 helmet
rElec   +            n - +2 cloak
rCorr   .            h - +2 pair of gloves
SInv    .            X - +0 pair of boots
Will    +....        x - amulet of the Four Winds {rN+ Will+++ Clar}
Stlth   ++           e - +4 ring of protection
HPRegen 1.11/turn    S - +5 ring of evasion
MPRegen 0.21/turn

%: clarity
@: no status effects
A: sickness immunity, AC +9, negative energy resistance 1, electricity
resistance, torment resistance 1, petrification resistance
a: Renounce Religion


You were on level 14 of the Dungeon.
You worshipped Vehumet.
Vehumet was greatly pleased with you.
You visited 2 branches of the dungeon, and saw 15 of its levels.
You also visited: Sewer.

You collected 1350 gold pieces.
You spent 1207 gold pieces at shops.

Inventory:

Hand Weapons
 a - a +3 flail of protection
 J - a +0 broad axe
Missiles
 m - 6 javelins
 V - 5 poisoned darts (quivered)
Armour
 d - a +0 troll leather armour (worn)
 h - a +2 pair of gloves (worn)
 n - a +2 cloak (worn)
 t - a +2 helmet (worn)
 K - an orb of mayhem
 T - an orb of guile (worn)
 X - a +0 pair of boots (worn)
Magical Staves
 b - a staff of earth (weapon)
Jewellery
 e - a +4 ring of protection (left hand)
 u - a ring of protection from fire
 v - the ring "Xiskug" {rPois rF+ MP+9 Dex-4}
   (You found it on level 10 of the Dungeon)

   [ring of magical power]

   Dex:       It affects your dexterity (-4).
   rF:        It protects you from fire.
   rPois:     It protects you from poison.
   MP:        It affects your magic capacity (+9).
 x - the amulet of the Four Winds (around neck) {rN+ Will+++ Clar}
   (You found it on level 10 of the Dungeon)

   [amulet of nothing]

   rN:        It protects you from negative energy.
   Clar:      It protects you from confusion, rage, mesmerisation and fear.
   Will:      It greatly increases your willpower.
 E - a ring of flight
 S - a +5 ring of evasion (right hand)
Wands
 i - a wand of charming (8)
 O - a wand of digging (5)
 P - a wand of iceblast (31)
Scrolls
 c - 2 scrolls of amnesia
 g - 10 scrolls of teleportation
 j - a scroll of poison
 o - 2 scrolls of magic mapping
 q - a scroll of fear
 A - 3 scrolls of butterflies
 B - 6 scrolls of identify
 D - 4 scrolls of fog
 W - a scroll of silence
 Z - 2 scrolls of enchant weapon
Potions
 f - 11 potions of curing
 p - a potion of heal wounds
 r - a potion of flight
 w - 7 potions of might
 z - 5 potions of brilliance
 F - 2 potions of resistance
 N - a potion of cancellation
 U - a potion of magic
Miscellaneous
 l - a box of beasts


   Skills:
 + Level 2.8 Fighting
 * Level 6.0 Armour
 + Level 3.7 Dodging
 + Level 4.8 Stealth
 + Level 12.3 Spellcasting
 * Level 9.0 Conjurations
 - Level 0.7 Transmutations
 + Level 15.5 Earth Magic
 + Level 5.2 Evocations


You had 5 spell levels left.
You knew the following spells:

 Your Spells              Type           Power      Damage    Failure   Level
a - Sandblast             Erth           100%       2d20      0%          1
b - Passwall              Tmut/Erth      52%        N/A       1%          2
c - Stone Arrow           Conj/Erth      100%       3d13      1%          3
d - Petrify               Tmut/Erth      63%        N/A       2%          4
e - Foxfire               Conj/Fire      100%       2x1d9     1%          1
f - Lee's Rapid Deconstr  Erth           43%        3d21*     1%          5
g - Iskenderun's Mystic   Conj/Tloc      31%        2d8       2%          4
h - Swiftness             Air            12%        N/A       19%         3
i - Irradiate             Conj/Tmut      16%        3d17      7%          5
j - Mephitic Cloud        Conj/Pois/Air  25%        N/A       1%          3

Your spell library contained the following spells:

 Spells                   Type           Power      Damage    Failure   Level
 Hailstorm                Conj/Ice       31%        3d8       1%          3
 Static Discharge         Conj/Air       62%        2-5/arc   1%          2
 Poisonous Vapours        Pois/Air       24%        N/A       2%          2
 Fulminant Prism          Conj/Hex       15%        3d10      2%          4
 Volatile Blastmotes      Fire/Tloc      24%        2d12      5%          3
 Wereblood                Tmut           15%        N/A       7%          2
 Fireball                 Conj/Fire      15%        3d8       7%          5
 Ensorcelled Hibernation  Hex/Ice        24%        N/A       10%         2
 Freezing Cloud           Conj/Ice/Air   12%        6-21      13%         5
 Airstrike                Air            6%         2d(1-17)  17%         4
 Passage of Golubria      Tloc           12%        N/A       54%         4
 Summon Lightning Spire   Summ/Air       12%        N/A       54%         4
 Blade Hands              Tmut           7%         N/A       78%         5
 Silence                  Hex/Air        6%         N/A       87%         5
 Starburst                Conj/Fire      15%        6d6       36%         6
 Lehudib's Crystal Spear  Conj/Erth      38%        10d10     54%         8
 Plasma Beam              Fire/Air       6%         2x1d18    90%         6
 Dragon Form              Tmut           7%         N/A       100%        7
 Summon Hydra             Summ           6%         N/A       100%        7
 Sublimation of Blood     Necr           Unusable   N/A       N/A         2

Dungeon Overview and Level Annotations

Branches:
Dungeon (14/15)            Temple (1/1) D:7            Lair (0/5) D:11
    Orc (0/2) D:11          Sewer (visited)
 Vaults: D:13-14

Altars:
Ashenzari
Cheibriados
Dithmenos
Elyvilon
Fedhas
Gozag
Hepliaklqana
Kikubaaqudgha
Makhleb
Nemelex Xobeh
Okawaru
Qazlal
Ru
Sif Muna
Trog
Uskayaw
Vehumet
Wu Jian
Xom
Yredelemnul
Zin
The Shining One

Shops:
D:2 ??((   D:8 (

Portals:
Ice
Cave: D:14


Innate Abilities, Weirdness & Mutations

You are immune to sickness and miasma.
Your stone body is resilient. (AC +9)
You are immune to poison.
You resist negative energy. (rN+)
You are resistant to electric shocks. (rElec)
You are resistant to unholy torment.
You are immune to petrification.


Message History

The ice statue is almost destroyed.
The ice beast misses you.
The ice beast hits you but does no damage. x2
Unknown command.
You hit the ice statue but do no damage.
The ice statue is almost destroyed.
The ice beast closely misses you.
The ice beast hits you but does no damage.
The ice beast barely misses you. The ice statue gestures at you.
The shard of ice hits you. The ice beast closely misses you.
You hit the ice statue but do no damage.
The ice statue is almost destroyed.
The ice beast hits you. The ice beast freezes you!
The ice beast barely misses you. x3
Unknown command.
You hit the ice statue but do no damage.
The ice statue is almost destroyed.
The ice beast completely misses you.
The ice beast hits you but does no damage.
The ice beast completely misses you.
Unknown command.
You hit the ice statue but do no damage.
The ice statue is almost destroyed.
The ice beast hits you but does no damage.
The ice statue gestures at you. The freezing blast misses you.
The ice beast misses you.
The ice beast hits you but does no damage. x2
Unknown command.
Casting: Lee's Rapid Deconstruction (safe; 1% risk of failure)
Confirm with . or Enter, or press ? or * to list all spells.
Aiming: Sandblast (safe; 0% risk of failure)
Press: ? - help, Shift-Dir - straight line, f/p - ice statue
Aim: an ice statue (freezing vapour, almost destroyed, 100% to hit)
You feel a surge of power!
The blast of sand hits the ice statue!!
You destroy the ice statue!
Vehumet accepts your kill.
The ice beast disappears in a puff of smoke! x3
You are engulfed in freezing vapours.
You die...

*,,,,*,,,**,,*,,*,,*,,,,,
*,,,,*,,,,*,,,,,*,,*,,,,,
*,,,,*******,,,,*,,*,,,,,
*,,,**#####*********,,*,,
*,,,*##...## *,,,,,*,,*,,
*,,,*#..∩..# *,,,,,*,,*,,
*,,,*#..○..# *,,,,,*,,***
*,,,*#.○○○.# *,,,,,*,,,*,
*,,,*#.○@°.# *,,,,,*,,,*,
*..,*##○☼○## *..,,,#...##
*...*###'##***,.####....#
*....#....#,,,,....#$...#
*....#....#,,,,,...#....#
*.........#,,####..#.....
*.........#,.#.....#.....
*#####...##..#.....#.....
*............#.....#.....


There were no monsters in sight!

Vanquished Creatures
  An ogre mage (D:10)
  A hydra (D:13)
  3 boulder beetles
  4 two-headed ogres
  2 centaur warriors
  4 skeletal warriors (D:12)
  A deep elf zephyrmancer (D:14)
  4 cyclopes
  A wolf spider (D:10)
  4 ugly things
  A deep elf pyromancer (D:13)
  An ice statue (D:14)
  3 gargoyles
  A komodo dragon (D:10)
  2 kobold demonologists
  3 unseen horrors
  A freezing wraith (D:10)
  4 trolls
  4 hornets
  Grinder (D:4)
  A hornet (shapeshifter) (D:13)
  Sigmund (D:2)
  5 slime creatures (D:13)
  4 shadows
  8 yaks
  5 wraiths
  A basilisk (D:9)
  A steam dragon (D:10)
  A redback (D:10)
  5 vampire mosquitoes
  An acid dragon (D:11)
  4 water moccasins
  Pargi (Sewer)
  2 ice beasts (D:7)
  5 black bears
  11 orc warriors
  A sky beast (D:6)
  An ogre (D:5)
  6 centaurs
  A kobold brigand (D:9)
  7 bullfrogs
  2 gnoll sergeants
  2 scorpions
  5 wights (D:8)
  12 killer bees
  5 howler monkeys
  A quasit (D:5)
  3 hounds
  2 jellies (D:6)
  6 orc priests
  A gnoll bouda (D:5)
  2 sleepcaps (D:5)
  Natasha (thrice) (D:2)
  3 iguanas
  16 orc wizards
  Robin (D:2)
  20 gnolls
  3 adders
  A river rat (D:4)
  A shadow imp (D:8)
  4 white imps
  5 ufetubi
  2 worms
  4 dart slugs
  44 orcs
  8 bats
  12 endoplasms
  8 giant cockroaches
  13 goblins
  6 hobgoblins
  4 jackals
  6 quokkas
  5 ball pythons
  5 frilled lizards
  15 kobolds
  4 rats
352 creatures vanquished.

Vanquished Creatures (collateral kills)
  A skeletal warrior (D:12)
1 creature vanquished.

Vanquished Creatures (others)
  A human (D:14)
  A swamp drake (D:11)
  10 foxfires (D:5)
12 creatures vanquished.

Grand Total: 365 creatures vanquished

Notes
Turn   | Place    | Note
-------+----------+-------------------------------------------
     0 | D:1      | bjtr the Gargoyle Earth Elementalist began the quest for
                  | the Orb.
     0 | D:1      | Reached XP level 1. HP: 10/10 MP: 3/3
    96 | D:1      | Reached skill level 4 in Earth Magic
   140 | D:1      | Reached XP level 2. HP: 15/15 MP: 0/5
   143 | D:1      | Learned a level 2 spell: Passwall
   572 | D:1      | Reached XP level 3. HP: 19/19 MP: 2/6
  1099 | D:2      | Reached skill level 5 in Earth Magic
  1368 | D:2      | Found a broken altar of Ashenzari.
  1428 | D:2      | Reached XP level 4. HP: 24/24 MP: 4/7
  1477 | D:2      | Noticed Sigmund
  1560 | D:2      | Found Muireb's Magic Scroll Shoppe.
  1568 | D:2      | Bought a scroll of identify for 22 gold pieces
  1568 | D:2      | Bought a scroll of identify for 22 gold pieces
  1568 | D:2      | Bought a scroll of identify for 22 gold pieces
  1568 | D:2      | Bought a scroll of identify for 22 gold pieces
  1596 | D:2      | Killed Sigmund
  1597 | D:2      | Reached skill level 6 in Earth Magic
  1597 | D:2      | Reached XP level 5. HP: 28/28 MP: 4/10
  1597 | D:2      | Reached XP level 6. HP: 33/33 MP: 4/11
  1703 | D:2      | Found Pihiuwuh's Magic Scroll Shop.
  1733 | D:2      | Noticed Robin
  1737 | D:2      | Killed Robin
  1822 | D:2      | Found Hufirr's Antique Weapon Emporium.
  1879 | D:2      | Found Woubb's Antique Weapon Shop.
  1965 | D:2      | Noticed Natasha
  1966 | D:2      | Killed Natasha
  2678 | D:2      | Noticed Natasha
  2681 | D:2      | Killed Natasha
  2682 | D:2      | Reached skill level 7 in Earth Magic
  2858 | D:2      | Noticed Natasha
  2861 | D:2      | Killed Natasha
  2870 | D:2      | Bought a scroll of identify for 22 gold pieces
  3448 | D:3      | Found a sparkling altar of Nemelex Xobeh.
  3696 | D:2      | Bought a scroll of teleportation for 33 gold pieces
  3800 | D:4      | Found a glowing drain.
  3814 | D:4      | Noticed Grinder
  3820 | D:4      | Learned a level 3 spell: Stone Arrow
  3825 | D:4      | Learned a level 4 spell: Petrify
  3827 | D:4      | Learned a level 1 spell: Foxfire
  3833 | D:4      | Paralysed by Grinder for 2 turns
  3863 | D:4      | Killed Grinder
  3864 | D:4      | Reached skill level 1 in Fighting
  3864 | D:4      | Reached XP level 7. HP: 14/38 MP: 4/13
  3892 | Sewer    | Entered a sewer
  4116 | Sewer    | Noticed Pargi
  4128 | Sewer    | Killed Pargi
  4129 | Sewer    | Reached skill level 8 in Earth Magic
  4898 | D:5      | Entered Level 5 of the Dungeon
  4956 | D:5      | Reached XP level 8. HP: 44/44 MP: 12/15
  5022 | D:5      | Reached skill level 5 in Spellcasting
  5231 | D:5      | Reached skill level 1 in Conjurations
  5449 | D:5      | Learned a level 5 spell: Lee's Rapid Deconstruction
  5588 | D:5      | Found a shadowy altar of Dithmenos.
  6071 | D:6      | Reached skill level 1 in Armour
  6129 | D:6      | Upgraded the game from 0.30.0-5-g1a98f26d00 to
                  | 0.30.0-10-gfe55d96785
  6134 | D:6      | Reached skill level 9 in Earth Magic
  6291 | D:6      | Reached XP level 9. HP: 48/48 MP: 15/18
  6824 | D:7      | Noticed a hornet
  6830 | D:7      | Killed a hornet
  6831 | D:7      | Reached skill level 10 in Earth Magic
  6897 | D:7      | Found a staircase to the Ecumenical Temple.
  6908 | Temple   | Entered the Ecumenical Temple
  7066 | Temple   | Became a worshipper of Vehumet
  7320 | D:7      | Reached skill level 11 in Earth Magic
  7553 | D:7      | Reached XP level 10. HP: 53/53 MP: 20/22
  7714 | D:7      | Found a glowing silver altar of Zin.
  8413 | D:8      | Noticed a two-headed ogre
  8418 | D:8      | Killed a two-headed ogre
  8583 | D:8      | Found Plog's Weapon Shop.
  8725 | D:8      | Reached * piety under Vehumet
  8725 | D:8      | Offered knowledge of Shock by Vehumet.
  8919 | D:8      | Reached skill level 12 in Earth Magic
  9720 | D:9      | Found a stormy altar of Qazlal.
  9741 | D:9      | Noticed a kobold demonologist
  9744 | D:9      | Killed a kobold demonologist
  9845 | D:9      | Reached skill level 1 in Evocations
  9988 | D:9      | Reached skill level 5 in Conjurations
 10080 | D:9      | Reached XP level 11. HP: 57/57 MP: 24/24
 10163 | D:9      | Offered knowledge of Freeze by Vehumet.
 10171 | D:9      | Reached ** piety under Vehumet
 10406 | D:9      | Learned a level 4 spell: Iskenderun's Mystic Blast
 10840 | D:10     | Entered Level 10 of the Dungeon
 10864 | D:10     | Found a shimmering blue altar of Sif Muna.
 10864 | D:10     | Found a snail-covered altar of Cheibriados.
 10864 | D:10     | Found a blossoming altar of Fedhas.
 10864 | D:10     | Found a hide-covered altar of Uskayaw.
 10872 | D:10     | Found a glowing golden altar of the Shining One.
 10876 | D:10     | Found an ornate altar of the Wu Jian Council.
 10995 | D:10     | Found a sacrificial altar of Ru.
 11341 | D:10     | Noticed a centaur warrior
 11358 | D:10     | Noticed a wolf spider
 11358 | D:10     | Noticed an ogre mage
 11370 | D:10     | Noticed a boulder beetle
 11377 | D:10     | Reached skill level 10 in Spellcasting
 11444 | D:10     | Found a transporter.
 11448 | D:10     | Found a transporter.
 11448 | D:10     | Found the amulet of the Four Winds {rN+ Will+++ Clar}
 11757 | D:10     | Killed a centaur warrior
 11757 | D:10     | Killed an ogre mage
 11758 | D:10     | Reached skill level 13 in Earth Magic
 11769 | D:10     | Killed a wolf spider
 11828 | D:10     | Killed a boulder beetle
 12116 | D:10     | Identified the ring "Xiskug" {rPois rF+ MP+9 Dex-4}
 12168 | D:10     | Learned a level 3 spell: Swiftness
 12174 | D:10     | Learned a level 5 spell: Irradiate
 12202 | D:11     | Noticed a two-headed ogre
 12204 | D:11     | Killed a two-headed ogre
 12205 | D:11     | Reached XP level 12. HP: 64/64 MP: 23/26
 12290 | D:11     | Offered knowledge of Mephitic Cloud by Vehumet.
 12295 | D:11     | Learned a level 3 spell: Mephitic Cloud
 12346 | D:11     | Found a staircase to the Lair.
 12400 | D:11     | Reached *** piety under Vehumet
 12483 | D:11     | Found a staircase to the Orcish Mines.
 12501 | D:11     | Offered knowledge of Hailstorm by Vehumet.
 12721 | D:11     | Found a radiant altar of Vehumet.
 12984 | D:11     | Noticed a boulder beetle
 13002 | D:11     | Killed a boulder beetle
 13003 | D:11     | Reached skill level 14 in Earth Magic
 13484 | D:12     | Reached skill level 5 in Evocations
 14050 | D:12     | Noticed a two-headed ogre
 14056 | D:12     | Killed a two-headed ogre
 14199 | D:12     | Noticed a boulder beetle
 14212 | D:12     | Killed a boulder beetle
 15120 | D:2      | Bought a scroll of acquirement for 728 gold pieces
 15120 | D:2      | Acquired 352 gold pieces
 15122 | D:2      | Bought a scroll of teleportation for 42 gold pieces
 15122 | D:2      | Bought a scroll of teleportation for 42 gold pieces
 15122 | D:2      | Bought a scroll of fear for 56 gold pieces
 15122 | D:2      | Bought 3 scrolls of identify for 84 gold pieces
 15122 | D:2      | Bought a scroll of poison for 56 gold pieces
 15122 | D:2      | Bought a scroll of fog for 56 gold pieces
 15354 | D:13     | Noticed a centaur warrior
 15358 | D:13     | Killed a centaur warrior
 15359 | D:13     | Reached skill level 5 in Armour
 15359 | D:13     | Reached XP level 13. HP: 62/68 MP: 13/28
 15781 | D:13     | Reached **** piety under Vehumet
 15782 | D:13     | Reached skill level 15 in Earth Magic
 16010 | D:13     | Found a stormy altar of Qazlal.
 16973 | D:14     | Found a frozen archway.
 16991 | D:14     | Engulfed by a cloud of freezing vapour

Illustrated notes

Levels and vault maps discovered:
D:1:      erik_arrival_blinker_ship, layout_loops_cross
D:2:      layout_rooms, basic_altar, serial_shops, shop, shop,
          nicolae_shop_tiny_glass, shop, uniq_robin, uniq_sigmund, uniq_natasha
D:3:      layout_basic, lemuel_coloured_pillars_altar
D:4:      nicolae_cairo_tiling, layout_cave_pools, portal_sewer_entry_c,
          uniq_grinder
D:5:      layout_gridville, mainiacjoe_overflow_small_starburst, serial_demonic,
          serial_demonic_d, serial_demonic_d, serial_demonic_e,
          serial_demonic_d, serial_demonic_b
D:6:      layout_loops_ring
D:7:      layout_basic, mainiacjoe_overflow_surrounded_room,
          minmay_temple_entry_waves, nicolae_concentric_dashed_squares_wild,
          hangedman_abyss_or_decor_passed
D:8:      layout_loops_corners, serial_rivers, chequers_serial_rivers_large_a,
          chequers_serial_rivers_micro_c, chequers_serial_rivers_micro_c,
          chequers_serial_rivers_micro_e, chequers_serial_rivers_micro_a,
          chequers_serial_rivers_marsh, serial_shops, nicolae_shop_scrapyard
D:9:      layout_basic, mainiacjoe_overflow_cross_hatched
D:10:     gammafunk_the_bubble [the_bubble_gammafunk_crates], layout_small_grid,
          mainiacjoe_overflow_paths, minmay_overflow_temple_hex
D:11:     layout_stronghold, due_lair_maze_entry_diamond, erik_orc_1,
          vehumet_crystals
D:12:     layout_grid_maze
D:13:     layout_long_grid, grunt_qazlal_sundering
D:14:     layout_grid_maze, ximxim_vaults_locker_room,
          portal_ice_cave_entry_ice_statue_one, okawaru_trees_2, uniq_rupert
Temple:   minmay_temple_curvy_loop

Skill      XL: |  1  2  3  4  5  6  7  8  9 10 11 12 13 |
---------------+----------------------------------------+-----
Earth Magic    | 4 5 6 7 8 9 11 12 13 14 15 | 15.5
Dodging        | 2 3 |  3.7
Spellcasting   | 3 4 6 8 9 10 11 12 | 12.3
Fighting       | 1 2 |  2.8
Stealth        | 3 4 |  4.8
Conjurations   | 2 3 5 7 8 9 |  9.0
Armour         | 1 2 3 5 6 |  6.0
Evocations     | 1 4 5 |  5.2
Transmutations | |  0.7

Action                     |  1- 3 |  4- 6 |  7- 9 | 10-12 | 13-15 || total
---------------------------+-------+-------+-------+-------+-------++-------
  Melee: Short sword       |    32 |       |       |       |       ||    32
         Punch             |     1 |       |       |     1 |       ||     2
         Halberd           |       |    55 |   131 |     1 |       ||   187
         Staff             |       |       |       |   122 |    26 ||   148
  Throw: Javelin           |       |     6 |       |     4 |       ||    10
         Dart              |       |       |       |    17 |       ||    17
         Boomerang         |       |       |       |     2 |       ||     2
   Cast: Sandblast         |    59 |    52 |   134 |   212 |    23 ||   480
         Petrify           |       |     1 |     1 |     5 |    14 ||    21
         Foxfire           |       |       |     5 |       |       ||     5
         Lee's Rapid Decon |       |       |       |    62 |    34 ||    96
         Iskenderun's Myst |       |       |       |     2 |       ||     2
         Mephitic Cloud    |       |       |       |     1 |       ||     1
         Passwall          |       |       |       |       |     4 ||     4
  Evoke: Wand              |       |       |       |     2 |     4 ||     6
         Box of beasts     |       |       |       |     1 |       ||     1
    Use: Scroll            |       |     5 |     5 |    24 |     2 ||    36
         Potion            |       |       |     1 |     6 |       ||     7
   Stab: Sleeping          |       |       |     8 |       |       ||     8
         Petrified         |       |       |       |     5 |       ||     5
         Confused          |       |       |       |     2 |       ||     2
 Armour: Robe              |    30 |    42 |    41 |       |       ||   113
         Leather armour    |       |       |   119 |    60 |       ||   179
         Steam dragon scal |       |       |       |    15 |       ||    15
         Troll leather arm |       |       |       |    65 |    41 ||   106
  Dodge: Dodged            |    40 |    63 |   170 |   240 |    53 ||   566
